 Dungeon Crawl Stone Soup version 0.14-a0-3520-g290746a (webtiles) character file.

264 Maka the Poker (level 5, 0/41 HPs)
             Began as a Demonspawn Berserker on Mar 27, 2014.
             Was a Believer of Trog.
             Slain by a phantom (8 damage)
             ... on Level 3 of the Dungeon.
             The game lasted 00:09:57 (2870 turns).

Maka the Poker (Demonspawn Berserker)               Turns: 2870, Time: 00:09:57

HP   0/41        AC  5     Str 17      XL: 5   Next:  7%
MP   5/5         EV 11     Int  8      God: Trog [**....]
Gold 118         SH  0     Dex 14      Spells:  0 memorised,  4 levels left

rFire  . . .     SeeInvis .     a - +0 spear
rCold  . . .     Clarity  .     l - +2 leather armour
rNeg   . . .     Conserve .     (no shield)
rPois  .         rCorr    +     (no helmet)
rElec  .         rRot     .     (no cloak)
SustAb . .       Spirit   .     (no gloves)
rMut   .         Warding  .     (no boots)
Saprov + . .     Stasis   .     p - amulet of resist corrosion
MR     .....                    (no ring)
                                (no ring)

@: not resistant to hostile enchantments, unstealthy
A: claws 1, demonic guardian 1, saprovore 1
a: Burn Spellbooks, Berserk, Trog's Hand, Renounce Religion


You were on level 3 of the Dungeon.
You worshipped Trog.
Trog was pleased with you.
You were not hungry.

You visited 1 branch of the dungeon, and saw 3 of its levels.

You collected 118 gold pieces.

Inventory:

Hand weapons
 a - a +0,+0 spear (weapon)
 b - a +0,+0 spear
Armour
 l - a +2 leather armour (worn)
Comestibles
 c - a bread ration
 d - an apple
Scrolls
 e - 2 scrolls of teleportation
 g - a scroll of magic mapping
 k - a scroll of recharging {unknown}
 m - a scroll of amnesia {unknown}
 n - a scroll of blinking {unknown}
 o - a scroll of random uselessness {unknown}
 q - a scroll of immolation {unknown}
 r - a scroll of noise {unknown}
Jewellery
 p - an amulet of resist corrosion (around neck)
 s - an uncursed ring of flight
Potions
 f - a potion of restore abilities
 h - a potion of resistance
 i - 2 potions of heal wounds
 j - a potion of agility
 t - 2 potions of flight {unknown}


   Skills:
 - Level 3.0 Fighting
 + Level 5.1 Polearms
 - Level 2.0 Armour
 - Level 2.0 Dodging


You had 4 spell levels left.
You didn't know any spells.

Dungeon Overview and Level Annotations

Branches:
Dungeon (3/15)

Altars:
Zin


Innate Abilities, Weirdness & Mutations

You have sharp fingernails.
A weak demonic guardian rushes to your aid.
You can tolerate rotten meat.


Message History

You hit the phantom.
The phantom is almost destroyed.
You hit the phantom.
The phantom is almost destroyed.
The phantom hits you!
* * * LOW HITPOINT WARNING * * *
The phantom blinks!
You start resting.
Attack whom?
Press: ? - help, Dir - move target cursor, f/p - phantom
Aim: a phantom (almost destroyed)
You reach to attack!
You hit the phantom but do no damage.
The phantom is almost destroyed.
You hit the phantom but do no damage.
The phantom is almost destroyed.
The phantom closely misses you.
You hit the phantom but do no damage.
The phantom is almost destroyed.
The phantom hits you!
You die...

#.#................
#.#.#########......
#.#.# #...... #.#.#
#...... #.#.# #......
#.#.# #......
######.#.#########......
#.......................
#..>...@p.########......
#.........########......
######.#.#..............
#.#.#......###..###
#.#.#......###..###
#..................
#..................
#.......######..##.
#.......# #..##.


You could see a phantom.

Vanquished Creatures
  Jessica (D:3)
  Terence (D:3)
  4 adders
  A giant mite (D:2)
  3 worms
  An ooze (D:1)
  5 orcs (D:3)
  3 giant cockroaches
  5 hobgoblins
  6 kobolds
  2 quokkas (D:2)
  3 bats
  6 giant newts
  7 goblins
  9 rats
57 creatures vanquished.

Notes
Turn   | Place    | Note
--------------------------------------------------------------
     0 | D:1      | Maka, the Demonspawn Berserker, began the quest for the Orb.
     0 | D:1      | Reached XP level 1. HP: 18/18 MP: 1/1
   445 | D:1      | Gained mutation: You can tolerate rotten meat. [demonic ancestry]
   445 | D:1      | Reached XP level 2. HP: 16/24 MP: 2/2
   862 | D:2      | Acquired Trog's second power
   862 | D:2      | Gained mutation: You have sharp fingernails. [demonic ancestry]
   862 | D:2      | Reached XP level 3. HP: 26/29 MP: 3/3
   938 | D:2      | Reached skill level 4 in Polearms
  1441 | D:2      | Reached XP level 4. HP: 14/35 MP: 4/4
  1882 | D:3      | Noticed Terence
  2017 | D:3      | Killed Terence
  2033 | D:3      | Found a glowing silver altar of Zin.
  2119 | D:3      | Noticed Jessica
  2138 | D:3      | Killed Jessica
  2138 | D:3      | Reached skill level 5 in Polearms
  2650 | D:3      | Gained mutation: A weak demonic guardian rushes to your aid. [demonic ancestry]
  2650 | D:3      | Reached XP level 5. HP: 33/41 MP: 5/5
  2829 | D:3      | Noticed a phantom
  2870 | D:3      | Slain by a phantom

Action                   |  1- 3 |  4- 6 || total
-------------------------+-------+-------++-------
Melee: Spear             |   182 |   174 ||   356
Invok: Berserk           |       |     1 ||     1
       Trog's Hand       |       |     1 ||     1
  Use: Scroll            |       |     4 ||     4
